Croesus, chaotic male elven Ranger -- -- --.----.- ---- -........----- ---.<| .............---- |...-- -..............| -----...-------- |.............> |.....|........| |..........G..------- |..---|..---...-- -............|.--.----- --...|---- |....| - ---.....G.G.............| ---^- --...| |.........@..h............| |... |.--- - - --....G---#...........| ---.- |.. .....---- ----........| . --- ........ --.|...--- | ..... |.... ----...| |... |... |....--- -- .. --..--| (.. |)....| .... |....-- |.. |..--- --- ---- Croesus the Tenderfoot Experience level: 1 Strength: 15 Dexterity: 9 Constitution: 14 Intelligence: 13 Wisdom: 16 Charisma: 8 Health: 0(13) Energy: 5(5) Def: 10 Gold: 224 Moves: 1228 Dungeon seed: -AK_uF5gLdcbi-pA Game ID: Croesus_1603919000 Your Inventory: Weapons d - an uncursed +1 elven dagger (weapon in hand) e - an uncursed +1 elven bow (alternate weapon; not wielded) i - an uncursed +1 orcish dagger k - 10 blessed +0 darts s - 5 uncursed +0 darts L - 54 uncursed +2 elven arrows M - 38 uncursed +0 elven arrows (in quiver) Armor b - a blessed +2 elven cloak (being worn) n - a blessed +0 orcish helm (being worn) z - an uncursed +0 banded mail (being worn) N - an uncursed +0 orcish shield Comestibles f - 4 uncursed lembas wafers j - an uncursed food ration l - an uncursed banana Scrolls g - an uncursed scroll of remove curse o - a blessed scroll of blank paper w - an uncursed scroll of confuse monster Spellbooks m - an uncursed spellbook of sleep p - an uncursed spellbook of detect monsters Potions h - an uncursed potion of extra healing Gems q - 2 uncursed worthless pieces of green glass r - 2 uncursed worthless pieces of orange glass y - an uncursed worthless piece of red glass Coins $ - 224 gold pieces Spells and supernatural/magical abilities: Name Level Category Cost Memory W - pray for help -- divine ? -- Your skills at the end: Fighting Skills wands [Basic] Weapon Skills dagger [Basic] bow [Basic] Spellcasting Skills Final Attributes: You were piously aligned. You were immune to sleep. You saw invisible. You had automatic searching. You had infravision. You were stealthy. Mars was noncommittal. You are dead. Vanquished creatures: a gnomish wizard an acid blob a giant rat a gnome 2 geckos 3 jackals a fox 2 kobolds 2 goblins a sewer rat 2 lichens 3 newts 20 creatures vanquished. Voluntary challenges: You used a wielded weapon 7 times, starting on turn 276. You were illiterate. You never genocided any monsters. You never polymorphed an object. You never changed form. You used no wishes. You never split a pudding. You never wrote Elbereth's name. You never violated your personal moral code. Dungeon overview: The Dungeons of Doom: levels 1 to 4 Level 1 a long staircase Level 2 an altar to Mercury, a fountain, a vault Level 3 a scroll shop stairs to The Gnomish Mines Level 4 The Gnomish Mines: Level 4 <- You were here stairs to The Dungeons of Doom History has recorded: On T:1 you entered the Dungeons of Doom to retrieve the Amulet of Yendor! On T:198 you reached level 2 of The Dungeons of Doom. On T:631 you reached level 3 of The Dungeons of Doom. On T:989 you reached level 1 of The Gnomish Mines. On T:1061 you reached level 4 of The Dungeons of Doom. Score breakdown: Gold: 224 ( 8001 points) Experience: 1 level ( 0 points) Exploration: 4 levels ( 8.70%) ( 7745 points) Discoveries: 1 item ( 0.34%) ( 1746 points) Valuables value: (no points given unless you survive) Artifact value: 0 ( 0 points) Variety of kills: 12 monsters ( 3.16%) ( 5331 points) Turncount: 1228 turns ( 0 points) Survival: died (score multiplied by 80%) Total score: 18258 Latest messages: Sirius bites the newt. The newt misses Sirius. You kill the newt! Sirius eats a female newt corpse. You sense a mild buzz coming from Sirius. You displace Sirius. Nowhere else around here can be automatically explored. You displace Sirius. You stop exploring. You see here a sling. You hear some noises in the distance. (2x) You see here a red-eyed shield. N - a red-eyed shield. You hear some noises in the distance. (4x) The gnome lord hurls a puce potion! The carafe crashes on your head and breaks into shards. This burns! It must be a potion of acid. You hear some noises in the distance. The dwarf wields a broad pick! You hear some noises in the distance. You are beginning to feel hungry. The gnome misses. You hear some noises in the distance. The gnome hits! You die... Final status: Goodbye Croesus the Ranger, killed by a gnome... You died in The Gnomish Mines on dungeon level 4 with 18258 points, and 224 pieces of gold, after 1228 moves. You were level 1 with a maximum of 13 hit points when you died.